 Dungeon Crawl Stone Soup version 0.25.1-1-g288607f5aa (webtiles) character file.

Game seed: 1456352855634449636

973 DerDa the Magician (level 7, 0/46 HPs)
             Began as a Mummy Necromancer on July 26, 2020.
             Slain by a gnoll
             ... wielding a +0 spear
              (5 damage)
             ... on level 5 of the Dungeon.
             The game lasted 00:14:32 (6165 turns).

DerDa the Magician (Mummy Necromancer)              Turns: 6165, Time: 00:14:33

Health: 0/46       AC:  4    Str:  7    XL:     7   Next: 94%
Magic:  17/17      EV: 12    Int: 16    God:
Gold:   17         SH:  5    Dex: 13    Spells: 6/20 levels left

rFire    x . .     SeeInvis .   p - +0 hand axe (venom)
rCold    + . .     Gourm    .   i - +0 buckler
rNeg     + + +     Faith    .   a - +0 robe
rPois    ∞         Spirit   .   k - +1 helmet
rElec    .         Reflect  .   (no cloak)
rCorr    +         Harm     .   (no gloves)
MR       .....                  (no boots)
Stlth    ++........             (no amulet)
HPRegen  0.15/turn              g - ring of resist corrosion
MPRegen  0.15/turn              c - -4 ring of strength (curse)

@: no status effects
A: no food or potions, fire vulnerability, cold resistance 1, negative energy
resistance 3, torment resistance, unbreathing
a: no special abilities


You were on level 5 of the Dungeon.
You were not hungry.

You visited 1 branch of the dungeon, and saw 6 of its levels.

You collected 167 gold pieces.
You spent 150 gold pieces at shops.

Inventory:

Hand Weapons
 o - a +0 falchion
 p - a +0 hand axe of venom (weapon)
Missiles
 b - 139 stones (quivered)
 l - 11 sling bullets
Armour
 a - a +0 robe (worn)
 i - a +0 buckler (worn)
 k - a +1 helmet (worn)
Jewellery
 c - a cursed -4 ring of strength (right hand)
 f - an uncursed ring of see invisible
 g - a ring of resist corrosion (left hand)
 j - a +4 ring of protection
Scrolls
 d - 2 scrolls of remove curse
 e - 5 scrolls of teleportation
 h - 2 scrolls of magic mapping
 m - a scroll of fear
 n - 2 scrolls of fog {unknown}


   Skills:
 - Level 1.5 Dodging
 - Level 1.5 Stealth
 * Level 3.5 Shields
 * Level 7.1 Spellcasting
 * Level 6.9 Necromancy


You had 6 spell levels left.
You knew the following spells:

 Your Spells              Type           Power        Failure   Level  Hunger
a - Pain                  Necr           ####         1%          1    N/A
b - Animate Skeleton      Necr           N/A          1%          1    N/A
c - Vampiric Draining     Necr           ####......   2%          3    N/A
d - Animate Dead          Necr           N/A          7%          4    N/A
e - Agony                 Necr           ####....     21%         5    N/A

Your spell library contained the following spells:

 Spells                   Type           Power        Failure   Level  Hunger


Dungeon Overview and Level Annotations

Branches:
Dungeon (6/15)
 Temple: D:4-7

Altars:
Gozag
Hepliaklqana
Nemelex Xobeh
Trog
Uskayaw
Wu Jian
Zin

Shops:
D:4 *   D:5 *=

Annotations:
D:5 2 transporters, qipq's ghost, novice HuNe


Innate Abilities, Weirdness & Mutations

You do not eat or drink.
Your flesh is vulnerable to fire.
You are immune to poison.
Your flesh is cold resistant. (rC+)
You are immune to negative energy. (rN+++)
You are immune to unholy pain and torment.
You can survive without breathing.


Message History

Unknown command.
The gnoll hits you with a +0 club! The gnoll hits you with a +0 spear.
You climb upwards.
Level annotation: 2 transporters, qipq's ghost, novice HuNe
There is a stone staircase leading down here.
You barely miss the gnoll. You hit the gnoll.
The gnoll hits you but does no damage. The gnoll barely misses you.
You barely miss the gnoll. You closely miss the gnoll.
The gnoll closely misses you. The gnoll barely misses you.
You hit the gnoll but do no damage.
The gnoll is poisoned.
You hit the gnoll but do no damage.
The gnoll is poisoned.
The gnoll barely misses you. The gnoll hits you with a +0 club.
The gnoll hits you with a +0 spear.
You hit the gnoll but do no damage.
The gnoll looks as sick as possible!
You barely miss the gnoll. You block the gnoll's attack.
The gnoll hits you with a +0 spear!
* * * LOW HITPOINT WARNING * * *
Unknown command.
The gnoll hits you from afar with a +0 spear.
You die...

....##).....##....##...###...##..
....[)).....#....................
............#....................
###'##......#....................
#.†.#######[########...###...##.∩
...%##...##.##...###...###...##..
.................................
.............................##..
#...#.........gg@.!...........###
#####....#..#..>###[...###....#
#.#############....######## ###
#........# #........# #........#
#........# ##...##.## ########


You could see 2 gnolls.

Vanquished Creatures
  An ice beast (D:5)
  2 ogres (D:5)
  2 scorpions (D:4)
  3 orc priests
  A hound (D:5)
  A bullfrog skeleton (D:5)
  6 orc wizards
  2 worker ants (D:4)
  A mummy (D:4)
  4 gnolls (D:3)
  A howler monkey skeleton (D:4)
  5 adders
  An ooze (D:4)
  6 worms
  4 leopard geckos
  29 orcs
  3 giant cockroaches
  5 goblins
  10 hobgoblins
  4 jackals
  3 quokkas
  4 ball pythons
  5 bats
  6 frilled lizards
  5 kobolds
  2 leopard gecko skeletons
  A quokka zombie (D:5)
  6 rats
123 creatures vanquished.

Notes
Turn   | Place    | Note
-------+----------+-------------------------------------------
     0 | D:1      | DerDa the Mummy Necromancer began the quest for the Orb.
     0 | D:1      | Reached XP level 1. HP: 13/13 MP: 4/4
   184 | D:1      | Reached skill level 3 in Spellcasting
   194 | D:1      | Reached XP level 2. HP: 17/19 MP: 3/6
   199 | D:1      | Learned a level 1 spell: Animate Skeleton
  1103 | D:2      | Found an opulent altar of Gozag.
  1205 | D:2      | Reached XP level 3. HP: 2/24 MP: 0/8
  1210 | D:2      | Learned a level 3 spell: Vampiric Draining
  1649 | D:2      | Found a hide-covered altar of Uskayaw.
  1829 | D:2      | Found an ornate altar of the Wu Jian Council.
  1831 | D:2      | Found a bloodstained altar of Trog.
  1909 | D:3      | Reached skill level 4 in Spellcasting
  2064 | D:2      | Reached XP level 4. HP: 16/30 MP: 3/10
  2070 | D:2      | Learned a level 4 spell: Animate Dead
  2306 | D:3      | Reached skill level 5 in Necromancy
  2616 | D:3      | Found a hazy altar of Hepliaklqana.
  2890 | D:3      | Reached XP level 5. HP: 29/35 MP: 2/12
  3301 | D:3      | Reached skill level 1 in Shields
  3301 | D:3      | Reached skill level 5 in Spellcasting
  3534 | D:4      | Found Zin's Purification Station.
  3537 | D:4      | Found a glowing silver altar of Zin.
  3670 | D:4      | Reached XP level 6. HP: 32/41 MP: 8/14
  4576 | D:4      | Reached skill level 6 in Spellcasting
  5021 | D:4      | Learned a level 5 spell: Agony
  5049 | D:5      | Entered Level 5 of the Dungeon
  5049 | D:5      | Noticed an ice beast
  5056 | D:5      | Killed an ice beast
  5056 | D:5      | Reached XP level 7. HP: 42/46 MP: 8/16
  5188 | D:5      | Found a sparkling altar of Nemelex Xobeh.
  5301 | D:5      | Found a transporter.
  5308 | D:5      | Found a transporter.
  5312 | D:5      | Noticed qipq's ghost (novice HuNe)
  5650 | D:5      | Found Jehidouny's Lightly-Used Armoury.
  5736 | D:5      | Found Ceoj's Jewellery Boutique.
  5746 | D:5      | Reached skill level 7 in Spellcasting
  5784 | D:5      | Bought an uncursed ring of see invisible for 150 gold
                  | pieces
  6165 | D:5      | Slain by a gnoll

Illustrated notes

Levels and vault maps discovered:
D:1:      minmay_arrival_jagged, layout_loops_ring, minmay_vboxes
D:2:      layout_basic, gammafunk_temple_overflow_statue,
          overflow_temple_1_default, old_standard_altar
D:3:      layout_basic, lemuel_doored_altar, serial_park_tiny_pond,
          serial_park_tiny_1, hangedman_decor_diamond_cutter,
          chequers_serial_rivers_micro_e, kennysheep_big_empty_room,
          minivault_14
D:4:      layout_basic, zin_purify, gup_ossuary_entry_pyramid, first_ration,
          hangedman_decor_points, minmay_misc_feat_x
D:5:      minmay_diamond_boxcup, layout_gridville,
          nemelex_xobeh_ov_fountains_minmay, gammafunk_ghost_stat_death,
          serial_shops, shop, minmay_shop_damaged
D:6:      layout_basic, chequers_serial_rivers_small_b

Skill      XL: |  1  2  3  4  5  6  7 |
---------------+----------------------+-----
Spellcasting   | 3 4 5 6 7 |  7.1
Necromancy     | 5 6 |  6.9
Shields        | 1 2 3 |  3.5
Dodging        | |  1.5
Stealth        | |  1.5

Action                   |  1- 3 |  4- 6 |  7- 9 || total
-------------------------+-------+-------+-------++-------
Melee: Dagger            |    42 |    34 |       ||    76
       Hand axe          |       |    41 |    44 ||    85
       Falchion          |       |    24 |       ||    24
Throw: Stone             |       |       |     3 ||     3
 Cast: Pain              |    58 |   107 |    51 ||   216
       Animate Skeleton  |       |     1 |       ||     1
       Vampiric Draining |       |     4 |     1 ||     5
       Animate Dead      |       |       |     1 ||     1
  Use: Scroll            |       |     6 |       ||     6
 Stab: Sleeping          |     3 |       |     3 ||     6
Armor: Robe              |     6 |    43 |    18 ||    67
Dodge: Dodged            |    40 |    84 |    36 ||   160
Block: Buckler           |       |     2 |     8 ||    10
       Rpst.: Falchion   |       |     4 |       ||     4
